 Dungeon Crawl Stone Soup version 0.14-a0-3367-g7c2a7eb (webtiles) character file.

73 KaKa the Scratcher (level 1, -2/9 HPs)
             Began as a Felid Transmuter on Mar 19, 2014.
             Slain by a kobold (3 damage)
             ... on Level 1 of the Dungeon.
             The game lasted 00:03:32 (455 turns).

KaKa the Scratcher (Felid Transmuter)                Turns: 455, Time: 00:03:33

HP  -2/9         AC  1     Str  6      XL: 1   Next: 91%
MP   3/4         EV 18     Int 14      God:
Gold 66          SH  0     Dex 16      Spells:  1 memorised,  3 levels left
Lives: 0, deaths: 0

rFire  . . .     SeeInvis +       - Unarmed
rCold  . . .     Clarity  .     (armour unavailable)
rNeg   . . .     Conserve .     (shield unavailable)
rPois  .         rCorr    .     (helmet unavailable)
rElec  .         rRot     .     (cloak unavailable)
SustAb . .       Spirit   .     (gloves unavailable)
rMut   .         Warding  .     (boots unavailable)
Saprov . . .     Stasis   .     (no amulet)
MR     .....                    (no ring)
                                (no ring)

@: appendage (expiring), quick, not resistant to hostile enchantments, stealthy
A: paw claws, no armour, no weapons or thrown items, fangs 3, horns 2, see
invisible, carnivore 3, speed 1, shaggy fur 1, slow metabolism 1, jump 1
a: Jump Attack, End Transformation


You were on level 1 of the Dungeon.
You were not hungry.
You had grown temporary horns.
You visited 1 branch of the dungeon, and saw 1 of its levels.

You collected 66 gold pieces.

Inventory:

Missiles
 b - 12 arrows
Comestibles
 a - a meat ration
Scrolls
 g - 2 scrolls of identify {unknown}
 h - a scroll of remove curse {unknown}
 i - a scroll of teleportation {unknown}
Potions
 c - a potion of heal wounds {unknown}
 e - a potion of curing
 f - a potion of haste {unknown}
Books
 d - a book of Changes

   Spells                             Type                      Level
   *Beastly Appendage                 Transmutation                1
   Sticks to Snakes                   Transmutation                2
   Spider Form                        Transmutation/Poison         3
   Ice Form                           Ice/Transmutation            4
   Blade Hands                        Transmutation                5


   Skills:
 - Level 1.0 Fighting
 - Level 2.6 Dodging
 + Level 1.9 Stealth
 + Level 3.2 Unarmed Combat
 - Level 2.0 Spellcasting
 - Level 2.1 Transmutations


You had 3 spell levels left.
You knew the following spells:

 Your Spells              Type           Power        Failure   Level  Hunger
a - Beastly Appendage     Trmt           #.....       12%         1    ##.....


Dungeon Overview and Level Annotations

Branches:
Dungeon (1/15)

Altars:


Innate Abilities, Weirdness & Mutations

You cannot wear armour.
You are incapable of wielding weapons or throwing items.
Your paws have sharp claws.
You have razor-sharp teeth.
You have supernaturally acute eyesight.
You are carnivorous and can eat meat at any time.
You cover ground quickly.
You are covered in fur (AC +1).
You have a slow metabolism.
You can jump attack at a short distance.
You have a pair of horns on your head.


Message History

You closely miss the giant cockroach.
The giant cockroach completely misses you.
You scratch the giant cockroach.
You kill the giant cockroach!
Your transformation is almost over.
You scratch the kobold.
The kobold begins to bleed from its wounds!
The kobold is heavily wounded.
The kobold barely misses you.
You barely miss the kobold.
You headbutt the kobold, but do no damage.
The kobold is moderately wounded.
The kobold barely misses you.
You closely miss the kobold.
The kobold is moderately wounded.
The kobold misses you.
You scratch the kobold.
The kobold is almost dead.
The kobold hits you.
You die...

.#........##.....###...........##
.#...........#......K...........#
.#...............###............#
.#............#..# #####...####.#
.#..)............# #...# #.#
♣####..#.#....##.# #...# #..
♣#.......#.#.. #.# #...# ###
♣#.............#K# ##..##
♣..%........PPPP@# #..<# ###
♣#........♣PPPPPP# #.### #..
.......P...P♣♣.P..#######.#####.#
.#........♣♣♣♣♣♣..##.........##.#
.#.....PP♣♣♣ ♣♣♣♣.##.###.###.....
####.#...♣♣♣♣♣.♣.## # #.# ####.#
..........♣♣♣P♣♣...#.# #.# #.#
#######.#..P.♣♣.##.#.# #...## #..
#........###...# .....# ###


You could see a kobold (bleeding).

Vanquished Creatures
  A bat (D:1)
  A hobgoblin (D:1)
  A kobold (D:1)
  A giant cockroach (D:1)
  2 goblins (D:1)
  2 rats (D:1)
8 creatures vanquished.

Notes
Turn   | Place    | Note
--------------------------------------------------------------
     0 | D:1      | KaKa, the Felid Transmuter, began the quest for the Orb.
     0 | D:1      | Reached XP level 1. HP: 9/9 MP: 4/4
   302 | D:1      | Reached skill level 1 in Stealth
   455 | D:1      | Slain by a kobold

Action                   || total
-------------------------++-------
Melee: Unarmed           ||    25
 Cast: Beastly Appendage ||     5
  Use: Potion            ||     1
 Stab: Sleeping          ||     1
